 Dungeon Crawl Stone Soup version 0.30.2 (webtiles) character file.

Game seed: 7493079046240581011

936 GregS11 the Trooper (level 7, -25/64 HPs)
             Began as a Black Draconian Berserker on Jan 16, 2024.
             Was a Priest of Trog.
             Annihilated by a two-headed ogre
             ... wielding a +0 giant spiked club
              (27 damage)
             ... on level 5 of the Dungeon on Jan 20, 2024.
             The game lasted 00:35:10 (3896 turns).

GregS11 the Trooper (Black Draconian Berserker)     Turns: 3896, Time: 00:35:11

Health: -25/64     AC:  6    Str: 17    XL:     7   Next: 87%
Magic:  0/7        EV: 13    Int:  8    God:    Trog [***...]
Gold:   210        SH:  0    Dex: 10    Spells: 6/6 levels left

rFire   . . .        o - +7 Throatcutter {drain, coup de grace}
rCold   + . .        (no shield)
rNeg    . . .        (body armour unavailable)
rPois   .            (helmet restricted)
rElec   +            (no cloak)
rCorr   .            (no gloves)
SInv    .            (no boots)
Will    .....        h - amulet of guardian spirit
Stlth   +            L - ring of protection from cold
HPRegen 0.30/turn    (no ring)
MPRegen 0.10/turn

%: guardian spirit
@: no status effects
A: breathe lightning, AC +6, unfitting armour, electricity resistance,
cold-blooded, weak 2
a: Breathe Lightning, Renounce Religion, Berserk, Trog's Hand


You were on level 5 of the Dungeon.
You worshipped Trog.
Trog was most pleased with you.
You visited 1 branch of the dungeon, and saw 6 of its levels.

You collected 210 gold pieces.

Inventory:

Hand Weapons
 a - a +0 spear
 g - a +0 flail
 l - a +0 war axe
 o - the +7 Throatcutter (weapon) {drain, coup de grace}
   (You took it off Terence on level 2 of the Dungeon)
 p - a +0 hand axe
 v - a +0 trident
 A - a +0 short sword
 C - a +2 whip of flaming
 H - a +0 broad axe
 I - a +0 dagger
 J - a +0 dagger
 K - a +0 dagger
 N - a +0 short sword of draining
 O - a +0 hand axe
 R - a +1 dagger of venom
 S - a +0 hand axe
 T - a +2 dire flail of protection
 V - a +0 dagger
 W - a +0 hand axe
Missiles
 k - 31 stones
 t - a throwing net
 F - 7 boomerangs
Armour
 i - a +0 plate armour
 n - a +0 robe
 x - a +0 robe
 y - a +0 leather armour
 D - a +0 scale mail
 P - a +0 ring mail
 Q - a +0 robe
 Y - a +0 leather armour
 Z - a +0 plate armour
Magical Staves
 d - a staff of cold
Jewellery
 c - an amulet of the acrobat
 f - an amulet of magic regeneration
 h - an amulet of guardian spirit (around neck)
 z - a ring of positive energy
 L - a ring of protection from cold (left hand)
Wands
 m - a wand of quicksilver (2)
Scrolls
 e - 2 scrolls of teleportation {unknown}
 w - 4 scrolls of blinking {unknown}
 B - a scroll of magic mapping {unknown}
 E - 2 scrolls of enchant weapon {unknown}
 G - 2 scrolls of amnesia {unknown}
 M - 2 scrolls of identify {unknown}
 X - a scroll of poison {unknown}
Potions
 b - 2 potions of attraction {unknown}
 q - a potion of resistance {unknown}
 r - 2 potions of curing (quivered) {unknown}
 s - a potion of ambrosia {unknown}
 u - a potion of brilliance {unknown}
 U - a potion of flight


   Skills:
 + Level 6.6 Fighting
 + Level 6.0 Polearms
 + Level 5.4 Dodging


You had 6 spell levels left.
You didn't know any spells.
Your spell library contained the following spells:

 Spells                   Type           Power      Damage    Failure   Level
 Magic Dart               Conj           0%         1d3       41%         1
 Call Imp                 Summ           0%         N/A       54%         2
 Cigotuvi's Dreadful Rot  Necr/Pois/Air  0%         N/A       54%         2
 Lesser Beckoning         Tloc           0%         N/A       54%         2
 Gell's Gravitas          Tloc           0%         N/A       78%         3
 Ignite Poison            Fire/Tmut/Pois 0%         N/A       78%         3
 Mephitic Cloud           Conj/Pois/Air  0%         N/A       78%         3
 Summon Guardian Golem    Hex/Summ       0%         N/A       78%         3
 Teleport Other           Tloc           0%         N/A       78%         3
 Freezing Cloud           Conj/Ice/Air   0%         6-21      100%        5
 Orb of Destruction       Conj           0%         9d5       100%        7
 Spellforged Servitor     Conj/Summ      0%         N/A       100%        7


Dungeon Overview and Level Annotations

Branches:
Dungeon (6/15)
 Temple: D:4-7

Altars:
Cheibriados

Portals:
Sewer: D:6

Annotations:
D:5 1 transporter


Innate Abilities, Weirdness & Mutations

You can breathe wild blasts of lightning.
Your glossy black scales are hard. (AC +6)
You cannot fit into any form of body armour.
You are resistant to electric shocks. (rElec)
You are cold-blooded and may be slowed by cold attacks.
You are very weak. (Str -4)


Message History

You hit the jelly.
You kill the jelly!
Trog accepts your kill.
The orc wizard shouts!
There is a transporter here.
You enter the transporter and appear at another place.
The orc wizard barely misses you.
The wyvern hisses menacingly.
Aiming: Quicksilver Bolt
Press: ? - help, Q - select action, (/) - cycle Shift-Dir - straight line The bolt of dispelling energy hits the two-headed ogre!
The two-headed ogre is lightly wounded.
The wyvern bites you! The two-headed ogre misses you.
The two-headed ogre hits you but does no damage.
The orc wizard hits you but does no damage.
The wyvern hisses menacingly.
The wyvern bites you.
Aiming: Quicksilver Bolt
Press: ? - help, Q - select action, (/) - cycle Shift-Dir - straight line The bolt of dispelling energy hits the orc wizard!
The orc wizard is almost dead.
The orc wizard barely misses you. The wyvern barely misses you.
The two-headed ogre hits you with a +0 giant spiked club!
The two-headed ogre barely misses you.
You slash the orc wizard!
You kill the orc wizard!
Trog accepts your kill.
Trog appreciates your killing of a magic user.
The wyvern closely misses you. The wyvern barely misses you.
The two-headed ogre hits you with a +0 giant spiked club!!
* * * LOW HITPOINT WARNING * * *
The two-headed ogre barely misses you.
Your Polearms skill increases to level 6!
You feel much better. The wyvern bites you. The iguana barely misses you.
The wyvern bites you!
* * * LOW HITPOINT WARNING * * *
The wyvern attacks as you move away! The wyvern bites you!
* * * LOW HITPOINT WARNING * * *
The two-headed ogre hits you with a +0 giant spiked club!!
You die...

........##...###..........###'###
...###..####.##..#......##....#
.............##..#......###..##
.#.####....................###
#######.##.....©........#.## ##
#.##.#.....#########...##..#..#
..##......##8.....8##....#....
...#......#...lO)...#...####.#
.......?..#..#.©@#..#....#...###
..........#.#..l..#.#..###.....#
........#.#........©#....#.....#
.#......#[#.#.....#.#.......#
#####.....#..#...#..#..#...##
...#...##.#..?!..!..#..#..##
........#.##8$._..8##.###..##
...........#########..#.....#
.....$.........©.....#.#.#.##


You could see a two-headed ogre, a wyvern and an iguana.

Vanquished Creatures
  Sigmund (D:4)
  Edmund (D:4)
  A black bear (D:5)
  A phantom (D:6)
  A jelly (D:5)
  2 orc priests (D:4)
  4 hounds
  2 iguanas
  A sleepcap (D:5)
  Terence (D:2)
  2 orc wizards
  A gnoll (D:1)
  4 adders
  A worm (D:2)
  9 orcs
  6 ball pythons
  9 endoplasms
  10 goblins
  7 hobgoblins
  2 jackals (D:4)
  4 quokkas
  4 bats
  3 frilled lizards
  6 kobolds
  3 rats (D:2)
86 creatures vanquished.

Notes
Turn   | Place    | Note
-------+----------+-------------------------------------------
     0 | D:1      | GregS11 the Draconian Berserker began the quest for the
                  | Orb.
     0 | D:1      | Reached XP level 1. HP: 19/19 MP: 1/1
   237 | D:1      | Reached XP level 2. HP: 8/26 MP: 2/2
   761 | D:1      | Reached XP level 3. HP: 33/33 MP: 3/3
   787 | D:1      | Reached ** piety under Trog
  1291 | D:2      | Noticed Terence
  1304 | D:2      | Gained mutation: You are weak. (Str -2) [potion of
                  | mutation]
  1304 | D:2      | Gained mutation: You are very weak. (Str -4) [potion of
                  | mutation]
  1313 | D:2      | Killed Terence
  1314 | D:2      | Reached XP level 4. HP: 3/35 MP: 4/4
  1619 | D:2      | Upgraded the game from 0.30-b1-2-g02819fbbbe to 0.30.2
  2069 | D:4      | Reached XP level 5. HP: 20/47 MP: 3/5
  2077 | D:4      | HP: 3/70 [constriction (1)]
  2350 | D:4      | Reached *** piety under Trog
  2351 | D:4      | Reached skill level 5 in Fighting
  2444 | D:4      | Reached XP level 6. HP: 40/56 MP: 3/6
  2684 | D:4      | Noticed Edmund
  2696 | D:4      | Killed Edmund
  2697 | D:4      | Reached skill level 5 in Polearms
  2828 | D:4      | Noticed Sigmund
  2835 | D:4      | Killed Sigmund
  2836 | D:4      | Your scales start taking on a glossy black colour.
  2836 | D:4      | Reached XP level 7. HP: 53/62 MP: 5/7
  2836 | D:4      | Gained mutation: You are resistant to electric shocks.
                  | (rElec) [Black Draconian growth]
  3283 | D:5      | Entered Level 5 of the Dungeon
  3355 | D:6      | Found a glowing drain.
  3360 | D:6      | Reached skill level 5 in Dodging
  3392 | D:5      | Noticed a two-headed ogre
  3578 | D:5      | Found a transporter.
  3579 | D:5      | Noticed a wyvern
  3581 | D:5      | Found a transporter.
  3606 | D:5      | Found a snail-covered altar of Cheibriados.
  3896 | D:5      | HP: 1/64 [wyvern (15)]
  3896 | D:5      | Annihilated by a two-headed ogre

Illustrated notes

Levels and vault maps discovered:
D:1:      tarquinn_simple_flora_water_e, layout_loops_corners
D:2:      layout_loops_ring, kennysheep_boxes, uniq_terence
D:3:      layout_basic
D:4:      layout_basic, sigmund_edmund_badplayer
D:5:      layout_cave_pools, gammafunk_temple_overflow_arena,
          minmay_misc_feat_nine_boxes, kennysheep_minor_cross
D:6:      layout_layer_cave, gammafunk_temple_overflow_wave,
          nicolae_hepliaklqana_hazy_memory, temple_doors_e, serial_shops, shop,
          gup_sewer_entry_glass, corner_web_ring, uniq_menkaure

Skill      XL: |  1  2  3  4  5  6  7 |
---------------+----------------------+-----
Dodging        | 3 4 5 |  5.4
Fighting       | 4 5 6 |  6.6
Polearms       | 4 5 6 |  6.0

Action                     |  1- 3 |  4- 6 |  7- 9 || total
---------------------------+-------+-------+-------++-------
  Melee: Spear             |   103 |       |       ||   103
         Tailslap          |    13 |     7 |     3 ||    23
         Long sword        |       |    88 |    22 ||   110
         Punch             |       |     1 |     1 ||     2
 Invoke: Berserk           |     1 |     2 |       ||     3
  Evoke: Wand              |       |       |     4 ||     4
    Use: Potion            |     3 |     1 |     1 ||     5
   Stab: Sleeping          |       |     1 |     1 ||     2
 Armour: Skin              |    19 |    51 |    18 ||    88
  Dodge: Dodged            |    58 |    85 |    39 ||   182
